[Event "Titled Tuesday Blitz March 08 Early 2022"]
[White "Kirillov, Dmitry"]
[Black "Seo, Jung Min"]
[WhiteFideId "34180572"]
[BlackFideId "1734687"]
[WhiteElo "2076"]
[BlackElo "2401"]
[Result "0-1"]
[Round "03"]
[TimeControl "180+1"]
[Date "2022.03.09"]
[WhiteClock "0:00:03"]
[BlackClock "0:00:59"]

1. d4 Nf6 2. c4 e6 3. Nf3 b6 4. e3 Bb7 5. Nc3 Bb4 6. Bd3 O-O 7. O-O Bxc3 8. bxc3 d6 9. Nd2 e5 10. e4 Re8 11. f3 Nc6 12. Nb3 Ne7 13. Be3 Ng6 14. c5 dxc5 15. dxc5 Bc6 16. Qc2 Nf4 17. Rfd1 Nxd3 18. Rxd3 Qe7 19. Rad1 Nd7 20. c4 Nxc5 21. Bxc5 bxc5 22. Qf2 a5 23. Nxc5 a4 24. R3d2 Ra5 25. Nd3 a3 26. Nc1 Rc5 27. Qe2 Ba4 28. Nb3 Bxb3 29. axb3 Ra5 30. Ra2 Rd8 31. Rd5 Raa8 32. Qd3 c6 33. Rxd8+ Rxd8 34. Qe3 Rd1+ 35. Kf2 Qb4 36. g3 g6 37. Kg2 Rb1 38. Qd3 Rb2+ 39. Rxb2 axb2 40. Qc2 Qa3 41. Qd3 Qa1 42. Qd8+ Kg7 43. g4 b1=Q 44. g5 Qg1+ 45. Kh3 Qaf1+ 46. Kh4 Qff2+ 0-1


[Site "https://www.chess.com"]

[Event "Titled Tuesday Blitz March 08 Early 2022"]
[White "Kobalia, Mikhail"]
[Black "Manukian, Artak"]
[WhiteFideId "4119150"]
[BlackFideId "13301373"]
[WhiteElo "2667"]
[BlackElo "2513"]
[Result "1-0"]
[Round "03"]
[TimeControl "180+1"]
[Date "2022.03.09"]
[WhiteClock "0:00:55"]
[BlackClock "0:00:01"]

1. e4 c6 2. Nf3 d5 3. exd5 cxd5 4. Ne5 e6 5. d4 Nc6 6. Bb5 Bd7 7. Nxd7 Qxd7 8. c3 Bd6 9. O-O Nge7 10. Nd2 a6 11. Bd3 O-O 12. Nf3 Ng6 13. h4 Qd8 14. g3 Re8 15. Ng5 h6 16. Nf3 Nf8 17. Re1 Nd7 18. a4 e5 19. dxe5 Ndxe5 20. Nxe5 Nxe5 21. Be3 Qd7 22. Kg2 Nxd3 23. Qxd3 Qc6 24. Kg1 Be5 25. Bd4 Bxd4 26. Qxd4 Re4 27. Rxe4 dxe4 28. a5 Re8 29. Re1 f5 30. h5 Kh7 31. c4 Qf6 32. Qxf6 gxf6 33. Rd1 Re7 34. Rd6 Kg7 35. Kf1 Kf7 36. Ke2 Rc7 37. b3 Ke7 38. Rb6 Rd7 39. c5 Rc7 40. b4 Rd7 41. Ke1 Rc7 42. Kf1 Rd7 43. Ke2 Rc7 44. Ke3 Rd7 45. Kf4 Rd2 46. Kxf5 Rxf2+ 47. Kxe4 Rh2 48. g4 Rg2 49. Kf5 Rf2+ 50. Kg6 Rf4 51. Kxh6 Rxg4 52. Rxb7+ Ke6 53. Rb6+ Ke5 54. Rxa6 f5 55. Ra8 f4 56. Rf8 Ke4 57. a6 f3 58. a7 Rf4 59. a8=Q+ 1-0


[Site "https://www.chess.com"]

[Event "Titled Tuesday Blitz March 08 Early 2022"]
[White "Kohler, Aran"]
[Black "Sanchez Alvares, Kelvin Antonio"]
[WhiteFideId "1002856"]
[BlackFideId "3906680"]
[WhiteElo "2272"]
[BlackElo "2193"]
[Result "0-1"]
[Round "03"]
[TimeControl "180+1"]
[Date "2022.03.09"]
[WhiteClock "0:00:07"]
[BlackClock "0:00:50"]

1. d4 d5 2. Nf3 Nf6 3. Bf4 c5 4. e3 Nc6 5. c3 Qb6 6. Qb3 c4 7. Qc2 Bf5 8. Qxf5 Qxb2 9. Nfd2 e6 10. Qh3 Qxa1 11. Be2 Qxa2 12. O-O Qa5 13. f3 b5 14. e4 Be7 15. Bg5 h6 16. Bxf6 Bxf6 17. e5 Be7 18. f4 b4 19. f5 bxc3 20. fxe6 cxd2 21. exf7+ Kd8 22. Qg3 Nxd4 23. Bd1 Qc5 24. Kh1 g5 25. Nxd2 c3 26. Nb3 Qc4 27. Qf2 Nxb3 28. Bxb3 Qxb3 29. e6 c2 30. Qd2 Rc8 31. Rc1 Ba3 32. Qa5+ Rc7 33. e7+ Bxe7 34. h3 Rf8 35. Rxc2 Qb1+ 36. Kh2 Bd6+ 37. g3 Qxc2+ 0-1


[Site "https://www.chess.com"]

[Event "Titled Tuesday Blitz March 08 Early 2022"]
[White "Komiagina, Maria"]
[Black "Ianov, Viktor"]
[WhiteFideId "4153987"]
[BlackFideId "14102730"]
[WhiteElo "1945"]
[BlackElo "2161"]
[Result "1-0"]
[Round "03"]
[TimeControl "180+1"]
[Date "2022.03.09"]
[WhiteClock "0:00:13"]
[BlackClock "0:00:46"]

1. e4 d6 2. d4 Nf6 3. Nc3 c6 4. f4 Qb6 5. a3 e5 6. Nf3 exd4 7. Nxd4 g6 8. e5 dxe5 9. fxe5 Nh5 10. Be2 Ng7 11. Bg5 Ne6 12. Nxe6 Bxe6 13. Bf6 Rg8 14. Qd2 Nd7 15. Ne4 Qxb2 16. O-O Qb6+ 17. Kh1 Qc7 18. Rad1 Bxa3 19. Nd6+ Bxd6 20. exd6 Qb6 21. Be7 Qc5 22. Qf4 h5 23. Bf3 Qe5 24. Qd2 g5 25. Rfe1 Qf4 26. Qc3 g4 27. Be4 h4 28. Bh7 Rf8 29. Bxf8 Nxf8 30. d7+ Nxd7 31. Rxe6+ fxe6 32. Bg6+ Kd8 33. Qh8+ Kc7 34. Qxa8 Ne5 35. Qd8# 1-0


[Site "https://www.chess.com"]

[Event "Titled Tuesday Blitz March 08 Early 2022"]
[White "Kosteniuk, Alexandra"]
[Black "Soderstrom, Adrian"]
[WhiteFideId "4128125"]
[BlackFideId "1745786"]
[WhiteElo "2469"]
[BlackElo "2107"]
[Result "1-0"]
[Round "03"]
[TimeControl "180+1"]
[Date "2022.03.09"]
[WhiteClock "0:00:07"]
[BlackClock "0:00:03"]

1. e4 e5 2. f4 exf4 3. Nf3 d6 4. d4 g5 5. h4 g4 6. Ng1 Nf6 7. Nc3 Nh5 8. Nge2 Be7 9. g3 f3 10. Nf4 Nxg3 11. Rh2 Bxh4 12. Kd2 Nxf1+ 13. Qxf1 Bg3 14. Nh5 Bxh2 15. Kd3 Qh4 16. Nd5 Nd7 17. Ng7+ Kd8 18. Nf5 Qh5 19. Bh6 g3 20. Qc1 Rg8 21. Nf4 Qg4 22. Ne3 Qh4 23. Nf5 Qf6 24. Nd5 Qe6 25. Ng7 Rxg7 26. Bxg7 c6 27. Qg5+ f6 28. Nxf6 Nxf6 29. Bxf6+ Kc7 30. Bd8+ Kd7 31. Bf6 Qf7 32. Qg4+ Kc7 33. Qxf3 Be6 34. b3 Rf8 35. e5 dxe5 36. dxe5 Qd7+ 37. Kc3 Qd5 38. Qf4 g2 39. Qxh2 Qf3+ 40. Kb2 Rg8 41. Rg1 Bd5 42. Qxh7+ Kb6 43. Qh4 Qe3 44. e6 Qxg1 45. Bd4+ Qxd4+ 46. Qxd4+ c5 47. Qxd5 g1=Q 48. Qd6+ Kb5 49. a4+ Ka5 50. Qc7+ Ka6 51. Qd6+ b6 52. Qd3+ Kb7 53. Qd7+ Kb8 54. e7 Qg7+ 55. Ka2 Rc8 56. Qd6+ Kb7 57. Qd7+ Rc7 58. Qd5+ Ka6 59. Qc4+ Kb7 60. e8=Q Re7 61. Qd5+ Ka6 62. Qb5# 1-0


[Site "https://www.chess.com"]

[Event "Titled Tuesday Blitz March 08 Early 2022"]
[White "Kovanova, Baira"]
[Black "Corrales Jimenez, Fidel"]
[WhiteFideId "4164083"]
[BlackFideId "3506690"]
[WhiteElo "2190"]
[BlackElo "2541"]
[Result "1-0"]
[Round "03"]
[TimeControl "180+1"]
[Date "2022.03.09"]
[WhiteClock "0:00:07"]
[BlackClock "0:00:02"]

1. e4 c5 2. Nf3 d6 3. d4 cxd4 4. Nxd4 Nf6 5. Nc3 a6 6. Be3 e5 7. Nf3 Be7 8. Bc4 O-O 9. O-O Be6 10. Bb3 Nc6 11. Qe2 Na5 12. Rfd1 Qc7 13. Bg5 Ne8 14. Nd5 Bxd5 15. Bxd5 Bxg5 16. Nxg5 Nf6 17. c3 h6 18. Nf3 Nc6 19. Ne1 Nxd5 20. Rxd5 Ne7 21. Rdd1 b5 22. Nc2 Rab8 23. Nb4 Rb6 24. Nd5 Nxd5 25. Rxd5 Rfb8 26. Rad1 a5 27. h3 b4 28. cxb4 Rxb4 29. b3 a4 30. bxa4 Rb2 31. Qf3 Rb1 32. Kh2 Rxd1 33. Qxd1 Qc4 34. f3 Qxa2 35. Rd2 Qa3 36. Rxd6 Rb2 37. Rd8+ Kh7 38. Qd7 Qxf3 39. Qf5+ Qxf5 40. exf5 Ra2 41. Rd5 f6 42. a5 h5 43. Kg3 Kh6 44. h4 Ra4 45. Rd8 Kh7 46. Rd5 Rg4+ 47. Kh3 Ra4 48. Kg3 g6 49. Rd7+ Kh6 50. Rd6 Kg7 51. Rd7+ Kh6 52. Rd6 Ra3+ 53. Kh2 Kg7 54. Rd7+ Kg8 55. Rd6 Kg7 56. Rd7+ Kf8 57. fxg6 Kg8 58. Rf7 Rxa5 59. Rxf6 Kg7 60. Re6 Ra3 61. Rxe5 Kxg6 62. Rg5+ Kh6 63. g4 Ra4 64. Rxh5+ Kg6 65. Rg5+ Kh6 66. Rf5 Ra2+ 67. Kg3 Ra1 68. Rf2 Ra3+ 69. Rf3 Ra1 70. Rf6+ Kg7 71. g5 Rg1+ 72. Kf4 Rh1 73. Kg4 Ra1 74. Kh5 Ra8 75. Rb6 Rh8+ 76. Kg4 Rc8 77. Rb7+ Kg8 78. Kh5 Rc4 79. g6 Rd4 80. Kg5 Rd7 81. Rxd7 1-0


[Site "https://www.chess.com"]

[Event "Titled Tuesday Blitz March 08 Early 2022"]
[White "Kozak, Antoni"]
[Black "Hryshchenko, Kamila"]
[WhiteFideId "21832030"]
[BlackFideId "14147491"]
[WhiteElo "2236"]
[BlackElo "1929"]
[Result "1-0"]
[Round "03"]
[TimeControl "180+1"]
[Date "2022.03.09"]
[WhiteClock "0:00:04"]
[BlackClock "0:00:02"]

1. Nf3 Nf6 2. c4 e6 3. g3 d5 4. Bg2 dxc4 5. Qa4+ Nbd7 6. Qxc4 a6 7. Qc2 c5 8. O-O Rb8 9. Rd1 b5 10. d4 Bb7 11. a4 Rc8 12. axb5 axb5 13. Qb3 Qb6 14. Nc3 Bc6 15. Ne5 c4 16. Qc2 Bxg2 17. Kxg2 Nxe5 18. dxe5 Ng4 19. Ne4 Bc5 20. f3 Nxe5 21. Bf4 Nc6 22. Nxc5 Qxc5 23. Bd6 Qe3 24. Bf4 Qb3 25. Qxb3 cxb3 26. Bd6 f6 27. Ra3 Kf7 28. Rxb3 Rhd8 29. Rbd3 Na5 30. Kf2 Nc4 31. Ba3 Rxd3 32. Rxd3 Ra8 33. Rd7+ Kg6 34. Rb7 Nxa3 35. bxa3 Rxa3 36. Rxb5 Ra2 37. g4 Kf7 38. h4 e5 39. h5 g6 40. Rb7+ Kg8 41. h6 Rd2 42. Rg7+ Kh8 43. Rf7 Rd6 44. Rf8# 1-0


[Site "https://www.chess.com"]

[Event "Titled Tuesday Blitz March 08 Early 2022"]
[White "Krylov, Ivan"]
[Black "Politov, Pavel Y."]
[WhiteFideId "24128066"]
[BlackFideId "24110515"]
[WhiteElo "2258"]
[BlackElo "2090"]
[Result "0-1"]
[Round "03"]
[TimeControl "180+1"]
[Date "2022.03.09"]
[WhiteClock "0:00:14"]
[BlackClock "0:00:05"]

1. e4 c5 2. Nf3 d6 3. c3 Nf6 4. h3 Nc6 5. Bd3 e5 6. Bc2 g6 7. O-O Bg7 8. d4 O-O 9. Bg5 h6 10. Be3 Qe7 11. d5 Nd8 12. Qd2 Kh7 13. Na3 Ne8 14. c4 f5 15. Nb5 f4 16. Bxc5 dxc5 17. Qa5 b6 18. Qd2 Nd6 19. Nxd6 Qxd6 20. Qc3 Nf7 21. Ba4 Bd7 22. Bb3 Qe7 23. Rad1 Nd6 24. a4 a5 25. Bc2 Kg8 26. Bb1 Kf7 27. Qb3 Rab8 28. Rd2 Bf6 29. Qc3 g5 30. Nh2 h5 31. f3 Rg8 32. b3 Rbf8 33. Bd3 Rg7 34. Be2 Rfg8 35. Bd1 Qd8 36. Rff2 Qc8 37. Be2 g4 38. fxg4 hxg4 39. Bxg4 Nxe4 40. Bxd7 Qxd7 41. Qd3 Nxd2 42. Rxd2 Qd6 43. Ng4 Rxg4 44. hxg4 Rxg4 45. Qh7+ Rg7 46. Qh5+ Ke7 47. Qf3 Qd7 48. d6+ Kf8 49. Qa8+ Kf7 50. Qd5+ Qe6 51. Qb7+ Kg6 52. Qxb6 e4 53. Qxc5 e3 54. Re2 Rd7 55. Qxa5 Qxd6 56. Qe1 Qd1 57. Kf1 Qxe1+ 58. Rxe1 Bh4 59. Re2 Rd1+ 60. Re1 Rxe1# 0-1


[Site "https://www.chess.com"]

[Event "Titled Tuesday Blitz March 08 Early 2022"]
[White "Krysa, Leandro"]
[Black "Mikhnenko, Alexander"]
[WhiteFideId "116807"]
[BlackFideId "34143014"]
[WhiteElo "2490"]
[BlackElo "2184"]
[Result "1-0"]
[Round "03"]
[TimeControl "180+1"]
[Date "2022.03.09"]
[WhiteClock "0:00:05"]
[BlackClock "0:00:07"]

1. e4 c5 2. Nf3 e6 3. d4 cxd4 4. Nxd4 Nf6 5. Nc3 Nc6 6. Qd3 Bc5 7. Nb3 Bb6 8. Qg3 O-O 9. Bh6 Nh5 10. Qf3 Qf6 11. Qxf6 Nxf6 12. Bg5 Nd4 13. Bd3 d6 14. O-O h6 15. Bh4 Nh5 16. Rad1 Nxb3 17. axb3 Bc5 18. Na4 g5 19. Bg3 Nxg3 20. hxg3 Bd7 21. Nxc5 dxc5 22. e5 Bc6 23. f4 f5 24. exf6 Rxf6 25. fxg5 Rxf1+ 26. Rxf1 hxg5 27. Rf6 Re8 28. Rg6+ Kf7 29. Rxg5 Rg8 30. Rxg8 Kxg8 31. Be2 Kg7 32. Bf3 Bb5 33. Bxb7 Be2 34. Be4 Bd1 35. Kf2 Kf6 36. Ke3 Ke5 37. Bd3 Bg4 38. c3 a5 39. Bc2 Bh5 40. Kd3 Kd5 41. Kd2 Ke5 42. Bd1 Bg6 43. Bf3 Bf5 44. g4 Bg6 45. Bd1 Kf4 46. Bc2 Be8 47. g5 Kxg5 48. Ke3 e5 49. Be4 Bf7 50. c4 Bh5 51. Bf3 Bg6 52. g3 Kf6 53. Be4 Bh5 54. Bc2 Kg5 55. Bd3 Kf6 56. Ke4 Bg6+ 57. Ke3 Bh5 58. Be2 Bf7 59. Bd1 Bg6 60. Be2 Bc2 61. Bd3 Bxb3 62. Ke4 Ke6 63. g4 a4 64. g5 Bd1 65. g6 Kf6 66. g7 Kxg7 67. Kxe5 Kf7 68. Kd6 Ke8 69. Kxc5 Kd8 70. Kb4 Kc7 71. c5 Kc6 72. Bg6 Bb3 73. Be8+ Kc7 74. Bxa4 Be6 75. Ka5 Bd5 76. b4 Bc4 77. b5 Bxb5 78. Kxb5 1-0


[Site "https://www.chess.com"]

[Event "Titled Tuesday Blitz March 08 Early 2022"]
[White "Kushko, Dmitriy"]
[Black "Van Foreest, Jorden"]
[WhiteFideId "14162261"]
[BlackFideId "1039784"]
[WhiteElo "2521"]
[BlackElo "2951"]
[Result "0-1"]
[Round "03"]
[TimeControl "180+1"]
[Date "2022.03.09"]
[WhiteClock "0:00:03"]
[BlackClock "0:01:40"]

1. Nf3 c6 2. g3 d5 3. Bg2 g6 4. O-O Bg7 5. d3 Nf6 6. Nbd2 Bg4 7. h3 Bxf3 8. Nxf3 O-O 9. Qe1 e6 10. e4 a5 11. a4 Nbd7 12. Qe2 Qb6 13. Kh2 Qa6 14. e5 Ne8 15. h4 h5 16. Bf4 Nc7 17. Ng5 Rae8 18. Rae1 b5 19. axb5 Qxb5 20. b3 a4 21. bxa4 Qxa4 22. Nf3 Rb8 23. Ra1 Qb4 24. Ra7 Qb6 25. Rfa1 Rb7 26. Rxb7 Qxb7 27. Re1 Ra8 28. Ng5 Ra2 29. g4 hxg4 30. Qxg4 Qb4 31. Nf3 Ra4 32. Kg3 Nb5 33. Re3 Nd4 34. Nxd4 Qxd4 35. h5 Nxe5 36. Qg5 f6 37. Qh4 g5 38. Bxg5 fxg5 0-1


[Site "https://www.chess.com"]

[Event "Titled Tuesday Blitz March 08 Early 2022"]
[White "Kuzmin, Roman"]
[Black "Osmonbekov, Talaibek"]
[WhiteFideId "44134932"]
[BlackFideId "2017253"]
[WhiteElo "1978"]
[BlackElo "2135"]
[Result "0-1"]
[Round "03"]
[TimeControl "180+1"]
[Date "2022.03.09"]
[WhiteClock "0:00:11"]
[BlackClock "0:00:13"]

1. e4 c5 2. Nf3 d6 3. d4 cxd4 4. Nxd4 Nf6 5. Nc3 g6 6. Be3 Bg7 7. f3 O-O 8. Qd2 Nc6 9. O-O-O d5 10. exd5 Nxd5 11. Nxc6 bxc6 12. Bd4 e5 13. Bc5 Re8 14. Ne4 Qc7 15. Bc4 Rd8 16. h4 h6 17. g4 Be6 18. Qe1 Rab8 19. g5 Qb7 20. Ba3 Qb6 21. Nf6+ Nxf6 22. Bxe6 Nd5 23. Bxd5 cxd5 24. Qc3 Rdc8 25. Qb3 Qxb3 26. axb3 Rxb3 27. Rxd5 Rxf3 28. Kb1 e4 29. gxh6 Bxh6 30. Re1 f5 31. Rd7 e3 32. b3 Rf2 33. Bc1 f4 34. c4 Rb8 35. Rd3 a5 36. Bb2 a4 37. Ka2 axb3+ 38. Rxb3 Ra8+ 39. Ra3 Rb8 40. Rb3 Rc8 41. Rc3 Bg7 42. Kb3 Rb8+ 43. Ka3 Rbxb2 44. Rb3 Ra2+ 45. Kb4 Bf8+ 46. Kb5 Rfc2 47. Rg1 Kf7 48. h5 gxh5 49. Rh1 Rab2 50. Rxb2 Rxb2+ 51. Kc6 Rc2 52. Kd5 e2 53. Rh4 Bb4 54. Rxf4+ Kg6 55. Re4 e1=Q 56. Rxe1 Bxe1 57. c5 Bf2 58. c6 Kg5 59. Ke6 Rxc6+ 60. Kd7 Rg6 61. Ke8 h4 62. Kf7 h3 63. Ke8 h2 64. Kd7 h1=Q 65. Ke7 Qe4+ 66. Kd7 Rf6 67. Kc8 Rf5 68. Kc7 Rd5 69. Kc6 Qc4+ 70. Kb7 Rb5+ 71. Ka6 Qa4# 0-1


[Site "https://www.chess.com"]

[Event "Titled Tuesday Blitz March 08 Early 2022"]
[White "Lashkin, Jegor"]
[Black "Aradhya, Garg"]
[WhiteFideId "13907808"]
[BlackFideId "25006746"]
[WhiteElo "2876"]
[BlackElo "2688"]
[Result "0-1"]
[Round "03"]
[TimeControl "180+1"]
[Date "2022.03.09"]
[WhiteClock "0:00:02"]
[BlackClock "0:00:06"]

1. d4 d5 2. c4 c6 3. Nc3 Nf6 4. e3 Nbd7 5. cxd5 cxd5 6. Nf3 e6 7. Bd3 Bd6 8. O-O O-O 9. Qb3 a6 10. a4 b6 11. Bd2 Bb7 12. Rfc1 Rc8 13. Rc2 Ne4 14. Be1 Ndc5 15. dxc5 Nxc5 16. Bxh7+ Kxh7 17. Qa2 Qf6 18. Rd1 Kg8 19. Qb1 Rfd8 20. b4 Ne4 21. Rdc1 Ng5 22. Nxg5 Qxg5 23. Ne2 d4 24. Ng3 Rxc2 25. Qxc2 dxe3 26. fxe3 Qxe3+ 27. Bf2 Qf4 28. Rd1 Qxb4 29. Rb1 Qf4 30. Bxb6 Rc8 31. Qb2 Be4 32. Rf1 Qh4 33. Qd4 Bxg3 34. hxg3 Qg4 35. Qd7 Rc2 36. Qxf7+ Kh7 37. Bf2 Rd2 38. Qf4 Qxf4 39. gxf4 Ra2 40. Re1 Bd5 41. g4 Rxa4 42. Be3 Re4 43. Kf2 a5 44. Ra1 a4 45. Ke2 g5 46. Kd2 gxf4 47. Bc5 f3 48. Be3 Rxg4 49. Bf2 Kg6 50. Ke3 Kf5 51. Kd3 Re4 52. Be3 Rh4 53. Ra3 e5 54. Kd2 Rb4 55. Bf2 Rb2+ 56. Ke1 Re2+ 57. Kf1 e4 58. Rxa4 e3 59. Bg3 Rc2 60. Rf4+ Kg5 0-1


[Site "https://www.chess.com"]

[Event "Titled Tuesday Blitz March 08 Early 2022"]
[White "Levin, Anthony"]
[Black "Bernat, David"]
[WhiteFideId "30940680"]
[BlackFideId "2099225"]
[WhiteElo "1863"]
[BlackElo "2283"]
[Result "0-1"]
[Round "03"]
[TimeControl "180+1"]
[Date "2022.03.09"]
[WhiteClock "0:02:08"]
[BlackClock "0:02:27"]

1. e4 c5 2. Nf3 g6 3. c4 Nc6 4. d4 cxd4 5. Nxd4 Nf6 6. Nc3 d6 7. Be3 Ng4 8. Bg5 Qb6 9. Nd5 Qxd4 10. Qxd4 Nxd4 11. Nc7+ Kd8 12. Nxa8 Nc2+ 13. Kd2 Nxa1 14. Be2 Nxf2 0-1


[Site "https://www.chess.com"]

[Event "Titled Tuesday Blitz March 08 Early 2022"]
[White "Levine, David"]
[Black "Pershin, Denis"]
[WhiteFideId "2011611"]
[BlackFideId "24165506"]
[WhiteElo "2171"]
[BlackElo "2275"]
[Result "0-1"]
[Round "03"]
[TimeControl "180+1"]
[Date "2022.03.09"]
[WhiteClock "0:00:33"]
[BlackClock "0:00:15"]

1. d4 d5 2. c4 e6 3. g3 Be7 4. Bg2 Nf6 5. Nf3 O-O 6. O-O b6 7. cxd5 exd5 8. Ne5 Bb7 9. Nc3 Na6 10. Qa4 c5 11. Nc6 Bxc6 12. Qxc6 Nb4 13. Qa4 cxd4 14. a3 dxc3 15. axb4 a5 16. bxc3 axb4 17. Qxa8 Qxa8 18. Rxa8 Rxa8 19. cxb4 Bxb4 20. Bb2 Ne4 21. Rd1 Bc5 22. e3 Ra2 23. Rxd5 Nxf2 24. Rd8+ Bf8 25. Kxf2 Rxb2+ 26. Kf1 Rc2 27. Rb8 g6 28. Rxb6 Bh6 29. Rb3 Rd2 30. h4 Bf8 31. Rb5 h5 32. Bd5 Bd6 33. Ke1 Rh2 34. Rb7 Bxg3+ 35. Kd1 Rf2 36. e4 Bxh4 37. e5 Rf5 38. Rb8+ Kg7 39. Re8 Bg3 40. Ke2 Rxe5+ 41. Rxe5 Bxe5 42. Kf3 f5 0-1


[Site "https://www.chess.com"]

[Event "Titled Tuesday Blitz March 08 Early 2022"]
[White "Lewtak, Damian"]
[Black "Fus, Jakub"]
[WhiteFideId "1141724"]
[BlackFideId "1193023"]
[WhiteElo "2362"]
[BlackElo "2111"]
[Result "1-0"]
[Round "03"]
[TimeControl "180+1"]
[Date "2022.03.09"]
[WhiteClock "0:00:32"]
[BlackClock "0:00:16"]

1. a3 g6 2. e4 Bg7 3. d4 c6 4. Nf3 d5 5. Nc3 dxe4 6. Nxe4 Nf6 7. Nxf6+ exf6 8. Bc4 O-O 9. O-O Nd7 10. c3 a5 11. a4 Nb6 12. Bb3 Re8 13. Bd2 Be6 14. Bxe6 Rxe6 15. Qb3 Qc7 16. Bf4 Qxf4 17. Qxb6 Re7 18. Rfe1 Qc7 19. Qxc7 Rxc7 20. Kf1 Bf8 21. Ke2 b5 22. Kd3 Bd6 23. Re2 Kf8 24. Nd2 Rd7 25. Kc2 Rb7 26. Kd3 Rd7 27. Nb3 Bc7 28. Nc5 Re7 29. Rae1 Rxe2 30. Rxe2 Bd6 31. Ne4 Be7 32. b3 f5 33. Nd2 bxa4 34. bxa4 c5 35. d5 Rd8 36. Kc4 Bd6 37. h3 Rb8 38. Nb3 g5 39. Nxa5 Rb1 40. Ra2 Rg1 41. f3 Bc7 42. Nb3 1-0


[Site "https://www.chess.com"]

[Event "Titled Tuesday Blitz March 08 Early 2022"]
[White "Lima, Kleyton Alcantara"]
[Black "Maksimovic, Bojan"]
[WhiteFideId "22718397"]
[BlackFideId "14408120"]
[WhiteElo "1951"]
[BlackElo "2448"]
[Result "0-1"]
[Round "03"]
[TimeControl "180+1"]
[Date "2022.03.08"]
[WhiteClock "0:00:03"]
[BlackClock "0:00:04"]

1. e4 c5 2. Nf3 Nc6 3. d4 cxd4 4. Nxd4 Nf6 5. Nc3 e5 6. Ndb5 h6 7. Nd6+ Bxd6 8. Qxd6 Qe7 9. Qd1 d6 10. Bc4 O-O 11. O-O Be6 12. Nd5 Bxd5 13. exd5 Nb4 14. c3 Rfc8 15. Bb3 Na6 16. Be3 Nc5 17. Bc2 a5 18. Kh1 b5 19. f4 exf4 20. Bxf4 Re8 21. Qf3 Nfe4 22. Rae1 f5 23. Bg3 Rf8 24. b4 axb4 25. cxb4 Nd7 26. Re2 Rxa2 27. Rfe1 Ne5 28. Bxe5 Qxe5 29. g3 Ra1 30. Kg2 Rxe1 31. Rxe1 Re8 32. Re2 Kh8 33. Qh5 Re7 34. Qg6 Qxd5 35. Kh3 Qe6 36. Qxe6 Rxe6 37. Kg2 Kg8 38. Re3 Kf7 39. Bb3 Kf6 40. Bxe6 Kxe6 41. Ra3 Ke5 42. Ra7 g5 43. Rb7 Nc3 44. Rc7 Nd5 45. Rb7 Nxb4 46. Rxb5+ Nd5 47. Rb8 Nf6 48. Rh8 h5 49. Rg8 g4 50. Ra8 d5 51. Kf2 f4 52. gxf4+ Kxf4 53. Rf8 Kf5 54. Ke3 Ke5 55. Kd3 h4 56. Ra8 h3 57. Rh8 Kf4 58. Rf8 Ke5 59. Rh8 Kf5 60. Rf8 Kg5 61. Rh8 Nh5 62. Rg8+ Kf4 63. Kd4 Kf3 64. Rf8+ Kg2 65. Rg8 g3 66. hxg3 h2 67. Kxd5 h1=Q 68. Ke6 Nxg3 69. Kf6 Qh6+ 70. Rg6 Qf4+ 71. Kg7 Qe5+ 72. Kh7 Qf5 73. Kh8 Qf4 74. Rg7 Kf3 75. Rg6 Nf5 76. Rg8 Qh4# 0-1


[Site "https://www.chess.com"]

[Event "Titled Tuesday Blitz March 08 Early 2022"]
[White "Liyanage, Ranindu Dilshan"]
[Black "Bluebaum, Matthias"]
[WhiteFideId "9915834"]
[BlackFideId "24651516"]
[WhiteElo "2612"]
[BlackElo "2843"]
[Result "0-1"]
[Round "03"]
[TimeControl "180+1"]
[Date "2022.03.09"]
[WhiteClock "0:00:06"]
[BlackClock "0:00:21"]

1. e4 c6 2. d4 d5 3. e5 Bf5 4. h4 h5 5. Bd3 Bxd3 6. Qxd3 Qa5+ 7. Nd2 e6 8. Ne2 Ne7 9. b4 Qa6 10. Qb3 Nd7 11. a4 Nf5 12. Nf3 Qc4 13. Bd2 a6 14. a5 Qxb3 15. cxb3 Be7 16. Nc1 f6 17. Nd3 fxe5 18. dxe5 Kf7 19. Bg5 g6 20. O-O Rhe8 21. Rfe1 Kg7 22. Bxe7 Rxe7 23. Nf4 Rf8 24. g3 Nh6 25. Ng5 Rfe8 26. f3 Nf7 27. Nxf7 Rxf7 28. Kg2 Rf5 29. Nd3 g5 30. hxg5 Rxg5 31. f4 Rg4 32. Kf3 Rg8 33. Rh1 Kf7 34. Rh3 R8g7 35. Re1 Ke7 36. f5 exf5 37. Nf4 R7g5 38. Nxh5 Rxb4 39. Nf4 Rxb3+ 40. Kg2 Rg7 41. Rh6 Nc5 42. Ng6+ Kd7 43. e6+ Nxe6 44. Ne5+ Kd6 45. Nf3 Rb2+ 46. Kh3 Kc5 47. Rhxe6 Rh7+ 48. Nh4 f4 49. gxf4 d4 50. R6e5+ Kc4 51. Rc1+ Kd3 52. Rd1+ Kc3 53. Re4 c5 54. Ree1 d3 55. f5 Rf2 56. Kg4 c4 57. Rf1 Rxf1 58. Rxf1 d2 59. Ng2 Kd3 60. Nf4+ Kc2 61. Ng2 d1=Q+ 62. Rxd1 Kxd1 63. Ne3+ Ke2 64. Nxc4 Kd3 65. Nd6 Rd7 66. Ne8 Kd4 67. f6 Ke5 68. Kg5 Rd1 69. Ng7 Rf1 70. Nh5 Rf5+ 71. Kh6 Rxh5+ 72. Kxh5 Kxf6 73. Kg4 Ke5 74. Kf3 Kd5 75. Kf4 Kc5 76. Ke5 Kb5 77. Kd6 Kxa5 78. Kc5 b5 0-1


[Site "https://www.chess.com"]

[Event "Titled Tuesday Blitz March 08 Early 2022"]
[White "Maevsky, Nikolay"]
[Black "Zierk, Steven"]
[WhiteFideId "4198220"]
[BlackFideId "2034255"]
[WhiteElo "2126"]
[BlackElo "2494"]
[Result "0-1"]
[Round "03"]
[TimeControl "180+1"]
[Date "2022.03.08"]
[WhiteClock "0:00:02"]
[BlackClock "0:00:18"]

1. d4 d5 2. Nf3 Nf6 3. e3 c5 4. c3 e6 5. Nbd2 Nbd7 6. Bd3 Bd6 7. O-O O-O 8. e4 dxe4 9. Nxe4 Nxe4 10. Bxe4 Nf6 11. Bc2 b6 12. Bg5 Bb7 13. Re1 Be7 14. Qd3 c4 15. Qxc4 Bxf3 16. gxf3 Nd5 17. Qd3 g6 18. Be3 Bd6 19. Qe4 Qf6 20. Bh6 Rfc8 21. Qg4 b5 22. a3 Bf4 23. Bxf4 Nxf4 24. Re4 g5 25. Kh1 h5 26. Qg3 h4 27. Qg4 Kh8 28. Re5 Rg8 29. Rxb5 Rab8 30. a4 a6 31. Rxb8 Rxb8 32. Rb1 Qd8 33. b4 Rc8 34. Be4 f5 35. Bxf5 exf5 36. Qxf5 Rxc3 37. Rg1 Qd5 38. Qf8+ Kh7 39. Qe7+ Kh6 40. Qf8+ Kg6 41. Qe8+ Kf6 0-1


[Site "https://www.chess.com"]

[Event "Titled Tuesday Blitz March 08 Early 2022"]
[White "Majella, Rudijanto"]
[Black "McCoy, Owen"]
[WhiteFideId "7100680"]
[BlackFideId "30924502"]
[WhiteElo "2252"]
[BlackElo "2395"]
[Result "1-0"]
[Round "03"]
[TimeControl "180+1"]
[Date "2022.03.09"]
[WhiteClock "0:00:20"]
[BlackClock "0:00:14"]

1. e4 e5 2. Nf3 Nc6 3. d4 exd4 4. Bc4 Nf6 5. e5 d5 6. Bb5 Ne4 7. Nxd4 Bd7 8. Bxc6 bxc6 9. O-O Bc5 10. f3 Ng5 11. f4 Ne4 12. Be3 Rb8 13. b3 O-O 14. Kh1 Qe8 15. Nd2 Nxd2 16. Qxd2 f6 17. Nf3 Bxe3 18. Qxe3 Bg4 19. Rae1 Bxf3 20. Qxf3 fxe5 21. Rxe5 Qxe5 22. fxe5 Rxf3 23. gxf3 Kf7 24. f4 g6 25. f5 gxf5 26. Rxf5+ Ke6 27. Rf6+ Kxe5 28. Rxc6 Rf8 29. Kg2 Rf7 30. a4 d4 31. Rc5+ Kd6 32. b4 c6 33. Kg3 Rb7 34. Rc4 Kd5 35. Rc5+ Kd6 36. Rc4 Kd5 37. Rc5+ Ke4 38. b5 cxb5 39. axb5 Rg7+ 40. Kf2 Rf7+ 41. Kg3 Rb7 42. h4 Ke3 43. Kg4 Kd2 44. Kf5 Rb6 45. Ke4 Rd6 46. Rc6 Rd7 47. Rc4 Rb7 48. Rc5 d3 49. cxd3 Re7+ 50. Kd4 Rd7+ 51. Kc4 Rxd3 52. Rd5 Rxd5 53. Kxd5 h5 54. Kc6 Ke3 55. Kb7 Kf4 56. Kxa7 Kg4 57. b6 Kxh4 58. b7 Kg3 59. b8=Q+ Kh3 60. Qb1 h4 61. Qh1+ Kg3 62. Kb6 h3 63. Kc5 Kh4 64. Kd4 Kg4 65. Ke3 Kg3 66. Ke2 1-0


[Site "https://www.chess.com"]

[Event "Titled Tuesday Blitz March 08 Early 2022"]
[White "Malicka, Maria"]
[Black "Alves Campelo, Danilo Cesar De L"]
[WhiteFideId "1197576"]
[BlackFideId "2123657"]
[WhiteElo "1822"]
[BlackElo "1994"]
[Result "1-0"]
[Round "03"]
[TimeControl "180+1"]
[Date "2022.03.09"]
[WhiteClock "0:02:40"]
[BlackClock "0:01:46"]

1. e4 e6 2. d4 d5 3. Nd2 Nf6 4. e5 Nfd7 5. Bd3 c5 6. c3 Nc6 7. Ne2 cxd4 8. cxd4 Qb6 9. Nf3 f6 10. exf6 Nxf6 11. O-O Bd6 12. Bf4 Bxf4 13. Nxf4 Qxb2 14. Re1 O-O 15. Rb1 Qxa2 16. Nxe6 Bxe6 17. Rxe6 Ne4 18. Bxe4 dxe4 19. Rxe4 Rad8 20. Rxb7 Nxd4 21. Rxd4 Rxd4 22. Qxd4 a5 23. Qxg7# 1-0


[Site "https://www.chess.com"]